 Dungeon Crawl Stone Soup version 0.31-a0-202-g547052bce9 (webtiles) character file.

Game seed: 910689466222981079

67 qw the Shooter (level 3, -4/20 HPs)
             Began as a Deep Elf Hunter on June 26, 2023.
             Slain by a worm (9 damage)
             ... on level 2 of the Dungeon.
             The game lasted 00:00:29 (752 turns).

qw the Shooter (Deep Elf Hunter)                     Turns: 752, Time: 00:00:29

Health: -4/20      AC:  3    Str: 10    XL:     3   Next: 98%
Magic:  5/5        EV: 12    Int: 13    God:
Gold:   53         SH:  0    Dex: 18    Spells: 2/2 levels left

rFire   . . .        Y - +0 shortbow
rCold   . . .        (shield currently unavailable)
rNeg    . . .        c - +0 leather armour
rPois   .            (no helmet)
rElec   .            (no cloak)
rCorr   .            (no gloves)
SInv    .            (no boots)
Will    .....        (no amulet)
Stlth   ++           (no ring)
HPRegen 0.23/turn    (no ring)
MPRegen 0.09/turn

%: no passive effects
@: no status effects
A: no striking features
a: no special abilities


You were on level 2 of the Dungeon.
You visited 1 branch of the dungeon, and saw 2 of its levels.

You collected 53 gold pieces.


   Skills:
 - Level 1.5 Fighting
 + Level 7.4 Ranged Weapons
 - Level 2.4 Dodging
 - Level 1.2 Stealth


You had 2 spell levels left.
You didn't know any spells.
Your spell library was empty.

Inventory:

Hand Weapons
 Y - a +0 shortbow (weapon)
Armour
 c - a +0 leather armour (worn)
Potions
 a - a potion of cancellation {unknown}
 f - a potion of curing {unknown}

Dungeon Overview and Level Annotations

Branches:
Dungeon (2/15)

Altars:


Message History

A ball python and a hobgoblin come into view.
Found a runed dagger and a scroll labelled XONANA QEPEPYE.
The ball python hisses angrily.
The hobgoblin shouts!
You hear an angry hiss.
Enter note:
Enter note:
Enter note:
Enter note: You shoot an arrow.
The arrow hits the ball python.
You kill the ball python!
A worm comes into view.
You shoot an arrow.
The arrow hits the worm but does no damage.
You shoot an arrow. The arrow barely misses the hobgoblin.
A ball python comes into view.
You shoot an arrow. The arrow hits the hobgoblin!
You kill the hobgoblin!
The ball python bites you. The ball python grabs you.
The ball python constricts you.
You shoot an arrow.
The arrow barely misses the ball python.
The arrow hits the worm but does no damage.
The ball python barely misses you. The ball python constricts you.
You shoot an arrow.
The arrow barely misses the ball python.
The ball python bites you. The ball python constricts you.
You shoot an arrow. The arrow hits the ball python.
The ball python is moderately wounded.
The ball python closely misses you. The ball python constricts you.
You shoot an arrow.
The arrow barely misses the ball python.
The ball python barely misses you. The ball python constricts you.
The ball python barely misses you. The ball python constricts you.
The worm bites you!
Ouch! That really hurt!
You shoot an arrow. The arrow hits the ball python.
You kill the ball python!
You shoot an arrow. The arrow hits the worm.
The worm is moderately wounded.
The worm bites you!
You die...

.................................
#......#.##...........#..........
.......#.#....#.#.....##.#<..#...
.......#.#.##.#.#.###..........#
.....#.....##.#.#.###............
..##.#<.......#..................
.........).......................
#.......#####.......#..........
+.......# #.@.....#..........
#.....#.# #%w.....#.......###
.........# .%...............#
.........#..)#.........
.......#.#?#......... # #
#.......$. .......... .#...####.


You could see a worm.

Vanquished Creatures
  An adder (D:2)
  3 dart slugs
  7 ball pythons
  6 bats (D:1)
  2 endoplasms
  3 giant cockroaches (D:1)
  5 goblins (D:1)
  4 hobgoblins
  4 jackals (D:1)
  5 quokkas (D:1)
  2 kobolds (D:1)
  2 rats (D:1)
44 creatures vanquished.

Notes
Turn   | Place    | Note
-------+----------+-------------------------------------------
     0 | D:1      | qw the Deep Elf Hunter began the quest for the Orb.
     0 | D:1      | Reached XP level 1. HP: 12/12 MP: 3/3
     0 | D:1      | 0 ||| qw: Version: 0.3-a-22-g0ed2b0b
     0 | D:1      | 0 ||| qw: Game counter: 5781
     0 | D:1      | 0 ||| qw: Melee chars always use a shield: true
     0 | D:1      | 0 ||| qw: God list: Okawaru
     0 | D:1      | 0 ||| qw: Allow faded altars: false
     0 | D:1      | 0 ||| qw: Do Orc after clearing Dungeon:15 true
     0 | D:1      | 0 ||| qw: Do second Lair branch before Depths: true
     0 | D:1      | 0 ||| qw: Lair rune preference: random
     0 | D:1      | 0 ||| qw: Goals: Normal
     0 | D:1      | 0 ||| PLANNING D:1-11
     3 | D:1      | 3 ||| Stepping ~*~*~tactically~*~*~ (water).
    49 | D:1      | Reached XP level 2. HP: 16/16 MP: 4/4
    76 | D:1      | Reached skill level 6 in Ranged Weapons
   178 | D:1      | Reached XP level 3. HP: 20/20 MP: 5/5
   275 | D:1      | Reached skill level 7 in Ranged Weapons
   369 | D:1      | 369 ||| FLEEEEING.
   613 | D:1      | 613 ||| READING scroll labelled FYNKOU YTEOXT.
   614 | D:1      | 614 ||| READING scroll labelled NESHRU WEURAU.
   615 | D:1      | 615 ||| READING 2 scrolls labelled ETEMAIPUNKI.
   616 | D:1      | 616 ||| READING scroll labelled FOHA ARPHUTASA.
   617 | D:1      | 617 ||| READING scroll labelled WIF FEF DESUSO.
   618 | D:1      | 618 ||| DRINKING 2 murky pink potions.
   619 | D:1      | 619 ||| DROPPING scroll of butterflies.
   620 | D:1      | 620 ||| DROPPING scroll of noise.
   621 | D:1      | 621 ||| DROPPING potion of attraction.
   654 | D:2      | 654 ||| FLEEEEING.
   656 | D:2      | 656 ||| FLEEEEING.
   657 | D:2      | 657 ||| STAIRDANCE
   750 | D:2      | HP: 5/20 [worm (10)]
   752 | D:2      | Slain by a worm

Levels and vault maps discovered:
D:1:      eino_arrival_water_star, layout_basic
D:2:      layout_basic, serial_shops, shop, minmay_split_cup_large

Skill      XL: |  1  2  3 |
---------------+----------+-----
Ranged Weapons | 6 7 |  7.4
Fighting       | |  1.5
Dodging        | |  2.4
Stealth        | |  1.2

Action                     || total
---------------------------++-------
   Fire: Shortbow          ||   108
    Use: Scroll            ||     5
         Potion            ||     1
 Armour: Leather armour    ||     4
  Dodge: Dodged            ||    22

Table legend:
 A = Non-vault XP
 B = Vault XP
 C = Vault XP percentage of total XP
 D = Non-vault monster count
 E = Vault monster count
 F = Vault count percentage of total count
                 A         B        C        D         E       F
            +---------+---------+-------+---------+---------+-------
      Total |      91 |       5 |   5.2 |      41 |       3 |   6.8
            +---------+---------+-------+---------+---------+-------
        D:1 |      72 |       0 |   0.0 |      38 |       0 |   0.0
        D:2 |      19 |       5 |  20.8 |       3 |       3 |  50.0
            +---------+---------+-------+---------+---------+-------
